 Dungeon Crawl Stone Soup version 0.20-a0-32-gb8e7c72 (webtiles) character file.

4424 FrankyJ the Fighter (level 10, -3/104 HPs)
             Began as a Minotaur Fighter on Nov 8, 2016.
             Was a Priest of Dithmenos.
             Slain by a seven-headed hydra (6 damage)
             ... on level 7 of the Dungeon.
             The game lasted 00:24:59 (8331 turns).

FrankyJ the Fighter (Minotaur Fighter)              Turns: 8331, Time: 00:24:59

Health: -3/104     AC: 10    Str: 20    XL:     10   Next: 14%
Magic:  18/18      EV: 10    Int:  5    God:    Dithmenos [***...]
Gold:   380        SH: 14    Dex: 14    Spells: 0 memorised, 9 levels left

rFire  . . .     SeeInvis .     a - +4 long sword (venom)
rCold  . . .     Gourm    .     b - +0 scale mail
rNeg   . . .     Faith    .     c - +4 shield
rPois  +         Spirit   .     (helmet restricted)
rElec  .         Reflect  .     i - +2 cloak
rCorr  .         Harm     .     (no gloves)
MR     .....                    (no boots)
Stlth  ..........               (no amulet)
                                r - ring of magical power
                                Q - ring of poison resistance

@: about to teleport, wreathed by umbra
A: retaliatory headbutt, horns 2
a: Shadow Step, Renounce Religion


You were on level 7 of the Dungeon.
You worshipped Dithmenos.
Dithmenos was most pleased with you.
You were not hungry.

You visited 1 branch of the dungeon, and saw 8 of its levels.
You also visited: Ossuary.

You collected 380 gold pieces.

Inventory:

Hand Weapons
 a - a +4 long sword of venom (weapon)
Missiles
 F - 5 poisoned javelins (quivered)
 H - 8 tomahawks
Armour
 b - a +0 scale mail (worn)
 c - a +4 shield (worn)
 i - a +2 cloak (worn)
 y - a +0 buckler of fire resistance
 T - a +0 plate armour
Jewellery
 e - an uncursed ring of stealth
 r - a ring of magical power (right hand)
 Q - a ring of poison resistance (left hand)
Wands
 k - a wand of disintegration (10/24)
 m - a wand of teleportation (1/9)
 z - a wand of acid (0/15)
 I - a wand of disintegration (16/24)
 W - a wand of lightning (8/15)
Scrolls
 h - 8 scrolls of identify
 l - 2 scrolls of fear
 o - a scroll of immolation {unknown}
 w - a scroll of random uselessness
 J - a scroll of fog {unknown}
 M - 3 scrolls of remove curse
 P - a scroll of amnesia
 R - 2 scrolls of enchant armour
 S - 2 scrolls of holy word {unknown}
 U - a scroll of magic mapping {unknown}
 X - a scroll of enchant weapon
Potions
 d - a potion of might
 j - a potion of curing
 p - 2 potions of agility {unknown}
 q - 2 potions of degeneration {unknown}
 s - a potion of cure mutation {unknown}
 t - a potion of invisibility {unknown}
 v - 3 potions of heal wounds {unknown}
 x - a potion of lignification {unknown}
 A - 3 potions of flight {unknown}
 B - 3 potions of haste {unknown}
 C - 3 potions of brilliance {unknown}
 E - 2 potions of resistance {unknown}
 G - 2 potions of magic {unknown}
 K - 2 potions of mutation {unknown}
 L - a potion of ambrosia {unknown}
 O - 2 potions of berserk rage {unknown}
Books
 N - a book of Conjurations

   Spells                             Type                      Level
   a - Magic Dart                     Conjuration                  1
   b - Searing Ray                    Conjuration                  2
   c - Dazzling Spray                 Conjuration/Hexes            3
   d - Fulminant Prism                Conjuration/Hexes            4
   e - Iskenderun's Mystic Blast      Conjuration                  4
   f - Iskenderun's Battlesphere      Conjuration/Charms           5
Comestibles
 f - 3 bread rations
 g - a royal jelly
 n - 3 beef jerkies
 u - 8 slices of pizza
 D - 3 meat rations
 V - 8 chunks of flesh
 Y - 12 fruits


   Skills:
 + Level 14.8 Fighting
 - Level 5.0 Long Blades
 - Level 5.0 Armour
 - Level 5.1 Dodging
 - Level 5.0 Shields


You had 9 spell levels left.
You didn't know any spells.

Dungeon Overview and Level Annotations

Branches:
Dungeon (8/15)             Temple (0/1) D:5
   Lair: D:8-11

Altars:
Dithmenos
Hepliaklqana
Kikubaaqudgha
Nemelex Xobeh
Ru
Trog


Innate Abilities, Weirdness & Mutations

You reflexively headbutt those who attack you in melee.
You have a pair of horns on your head.


Message History

Unknown command.
Okay, then.
Evoke which item? (* to show all) (? for menu, Esc to quit)
Zapping:
m - a wand of teleportation (?/9) (will waste charges)
Press: ? - help, Shift-Dir - straight line, f - you, p - seven-headed hydra You feel strangely unstable.
Evoking this partially-identified wand wasted a few charges.
The seven-headed hydra misses you. The seven-headed hydra bites you.
* * * LOW HITPOINT WARNING * * *
The seven-headed hydra bites you!
* * * LOW HITPOINT WARNING * * *
The seven-headed hydra misses you.
You block the seven-headed hydra's attack.
The seven-headed hydra bites you.
* * * LOW HITPOINT WARNING * * *
The seven-headed hydra bites you!
* * * LOW HITPOINT WARNING * * *
You block the seven-headed hydra's attack. x2
The seven-headed hydra bites you.
You die...

#######............)##
####..........##
##.##......#
#>#####...#
#######..#####..##
#............#....
#.>......###....##
#.D......#........
#@.....<...####..#
#...>......####...
#........#........
#........##.####.#
#........#..# #.#
#........#.## #.#
#........#.# #..
#########..# ##.
#....## #.


You could see a seven-headed hydra.

Vanquished Creatures
  The ghost of TimeCube the Thaumaturge, a novice DECj of Vehumet (D:7)
  The ghost of DeathGuardSTER the Conjurer, a novice TeCj of Nemelex Xobeh (Ossuary)
  The ghost of Gigavoyant the Slasher, an amateur HuFi (D:3)
  Grinder (D:3)
  2 dream sheep (D:8)
  A hippogriff (D:3)
  2 yaks (D:8)
  2 ice beasts (D:7)
  3 orc warriors (D:7)
  A phantom (D:7)
  A hornet zombie (D:8)
  5 ogres
  4 centaurs
  2 big kobolds (D:8)
  A bullfrog (D:7)
  4 wights (D:7)
  3 crimson imps
  A bullfrog zombie (D:8)
  A hound (D:6)
  A human zombie (Ossuary)
  2 jellies
  6 orc wizards
  A centaur skeleton (D:7)
  5 orc priests
  Jessica (D:3)
  A bullfrog skeleton (D:7)
  Ijyb (D:3)
  Terence (D:3)
  2 worker ants
  3 mummies (Ossuary)
  A worker ant zombie (D:7)
  6 gnolls
  A howler monkey skeleton (D:6)
  5 adders
  3 oozes
  An adder skeleton (D:4)
  5 adder zombies (Ossuary)
  A worm (D:3)
  2 dart slugs
  3 leopard geckos
  15 orcs
  10 giant cockroaches
  5 goblins
  6 hobgoblins
  11 jackals
  4 quokkas
  3 ball pythons
  8 bats
  5 frilled lizards
  3 goblin zombies (Ossuary)
  3 hobgoblin zombies (Ossuary)
  A jackal zombie (D:7)
  8 kobolds
  A kobold zombie (Ossuary)
  4 quokka zombies (Ossuary)
  4 rats
  A rat zombie (Ossuary)
181 creatures vanquished.

Vanquished Creatures (others)
  A fulminant prism (D:7)
1 creature vanquished.

Grand Total: 182 creatures vanquished

Notes
Turn   | Place    | Note
-------+----------+-------------------------------------------
     0 | D:1      | FrankyJ the Minotaur Fighter began the quest for the Orb.
     0 | D:1      | Reached XP level 1. HP: 19/19 MP: 0/0
   154 | D:1      | Reached XP level 2. HP: 20/27 MP: 1/1
   296 | D:1      | Reached skill level 1 in Dodging
   400 | D:1      | Reached XP level 3. HP: 33/33 MP: 2/2
   500 | D:1      | Reached skill level 4 in Fighting
   964 | D:2      | Reached XP level 4. HP: 25/40 MP: 3/3
  1215 | D:2      | Found a shadowy altar of Dithmenos.
  1256 | D:2      | Became a worshipper of Dithmenos the Shadowed
  1405 | D:2      | Found a sacrificial altar of Ru.
  1532 | D:3      | Noticed Gigavoyant's ghost (amateur HuFi)
  1916 | D:3      | Noticed Jessica
  1965 | D:3      | Noticed Grinder
  1978 | D:3      | Paralysed by Grinder for 4 turns
  1984 | D:3      | Killed Grinder
  1984 | D:3      | Reached XP level 5. HP: 14/47 MP: 4/4
  1984 | D:3      | Reached XP level 6. HP: 16/55 MP: 5/5
  2287 | D:3      | Noticed Terence
  2294 | D:3      | Killed Terence
  2304 | D:3      | Found a bloodstained altar of Trog.
  2304 | D:3      | Noticed Ijyb
  2311 | D:3      | Noticed a hippogriff
  2312 | D:3      | Killed Ijyb
  2323 | D:3      | Killed a hippogriff
  2323 | D:3      | Reached skill level 5 in Fighting
  2323 | D:3      | Reached skill level 5 in Armour
  2323 | D:3      | Reached skill level 5 in Shields
  2323 | D:3      | Reached XP level 7. HP: 33/61 MP: 6/6
  2514 | D:3      | Killed Gigavoyant's ghost
  2514 | D:3      | Reached skill level 5 in Long Blades
  2514 | D:3      | Reached skill level 5 in Dodging
  2714 | D:3      | Reached * piety under Dithmenos
  2992 | D:3      | Killed Jessica
  2992 | D:3      | Reached skill level 6 in Fighting
  3233 | D:3      | Found a hazy altar of Hepliaklqana.
  3423 | D:4      | Reached skill level 7 in Fighting
  3473 | D:4      | Reached XP level 8. HP: 65/73 MP: 7/7
  3881 | D:5      | Entered Level 5 of the Dungeon
  3881 | D:5      | Found a sand-covered staircase.
  3900 | Ossuary  | Entered an ossuary
  3900 | Ossuary  | Noticed DeathGuardSTER's ghost (novice TeCj)
  3924 | Ossuary  | Killed DeathGuardSTER's ghost
  3924 | Ossuary  | Reached skill level 8 in Fighting
  4232 | Ossuary  | Reached skill level 9 in Fighting
  4305 | Ossuary  | Reached ** piety under Dithmenos
  4629 | D:5      | Found a staircase to the Ecumenical Temple.
  4986 | D:6      | Found a sparkling altar of Nemelex Xobeh.
  5660 | D:6      | Identified a scroll of acquirement
  5768 | D:6      | Reached skill level 10 in Fighting
  5775 | D:6      | Found a sparkling altar of Nemelex Xobeh.
  6146 | D:7      | Noticed TimeCube's ghost (novice DECj)
  6157 | D:7      | Killed TimeCube's ghost
  6157 | D:7      | Reached skill level 11 in Fighting
  6175 | D:7      | Reached XP level 9. HP: 89/89 MP: 8/8
  6626 | D:7      | Reached skill level 12 in Fighting
  6859 | D:7      | Found an ancient bone altar of Kikubaaqudgha.
  7043 | D:7      | Reached skill level 13 in Fighting
  7080 | D:7      | Reached *** piety under Dithmenos
  8012 | D:7      | Reached skill level 14 in Fighting
  8174 | D:8      | Reached XP level 10. HP: 87/104 MP: 9/9
  8298 | D:8      | Noticed a three-headed hydra
  8329 | D:7      | HP: 3/104 [seven-headed hydra (7)]
  8331 | D:7      | Slain by a seven-headed hydra

Vault maps used:
D:1:      lemuel_arrival_river_passageway, minmay_tree_intersection, st_stairs_5
D:2:      overflow_temple_1_default, nicolae_ru_path_of_blood
D:3:      lemuel_coloured_pillars_altar, grunt_decor_cap, bloody_trog,
          uniq_jessica, uniq_terence, uniq_grinder, uniq_iyjb
D:4:      first_bread
D:5:      nicolae_ossuary_entry_monument
D:6:      overflow_temple_1_default, nemelex_dance_club_becter
D:7:      lemuel_round_altar
D:8:      minmay_lair_entry_lava, hangedman_ranch
Ossuary:  ossuary_minmay_chase

Skill      XL: |  1  2  3  4  5  6  7  8  9 |
---------------+----------------------------+-----
Dodging        | 1 2 3 4 5 |  5.1
Long Blades    | 3 4 5 |  5.0
Fighting       | 4 5 7 11 14 | 14.8
Armour         | 4 5 |  5.0
Shields        | 4 5 |  5.0

Action                   |  1- 3 |  4- 6 |  7- 9 | 10-12 || total
-------------------------+-------+-------+-------+-------++-------
Melee: Long sword        |   103 |    91 |   316 |    17 ||   527
       Headbutt          |    16 |    17 |    80 |     5 ||   118
Evoke: Wand              |       |     3 |     3 |     2 ||     8
  Use: Scroll            |       |     1 |    20 |       ||    21
       Potion            |       |       |     2 |       ||     2
  Eat: Chunk             |       |     4 |    20 |       ||    24
Armor: Scale mail        |    67 |    37 |    86 |     8 ||   198
Dodge: Dodged            |    34 |    34 |   108 |    15 ||   191
Block: Shield            |    62 |    44 |   182 |    28 ||   316
       Rpst.: Long sword |     9 |     7 |    27 |       ||    43
